 Dungeon Crawl Stone Soup version 0.19-a0-1254-gb9c29c0 (webtiles) character file.

123 Gorice the Cutter (level 5, -1/28 HPs)
             Began as a Kobold Enchanter on Aug 27, 2016.
             Killed from afar by an orc wizard (8 damage)
             ... with a magic dart
             ... on level 3 of the Dungeon.
             The game lasted 00:10:14 (3223 turns).

Gorice the Cutter (Kobold Enchanter)                Turns: 3223, Time: 00:10:15

Health: -1/28      AC:  4    Str:  7    XL:     5   Next: 28%
Magic:  1/8        EV: 17    Int: 14    God:
Gold:   166        SH:  0    Dex: 16    Spells: 2 memorised, 4 levels left

rFire  . . .     SeeInvis .     m - +0 rapier (curse)
rCold  . . .     Gourm    .     b - +1 robe
rNeg   . . .     Faith    .     (shield restricted)
rPois  .         Spirit   .     (no helmet)
rElec  .         Dismiss  .     (no cloak)
rCorr  .         Reflect  .     (no gloves)
MR     .....     Harm     .     u - +0 pair of boots
Stlth  +++.......               (no amulet)
                                (no ring)
                                (no ring)

@: very slightly contaminated, slowed, very slow
A: carnivore 3
a: no special abilities


You were on level 3 of the Dungeon.
You were completely stuffed.

You visited 1 branch of the dungeon, and saw 3 of its levels.

You collected 166 gold pieces.

Inventory:

Hand Weapons
 a - a +1 dagger
 i - a +0 short sword
 m - a cursed +0 rapier (weapon)
 p - a +0 hunting sling
Missiles
 f - 12 poisoned needles
 h - 40 sling bullets
 Z - 73 stones (quivered)
Armour
 b - a +1 robe (worn)
 l - a +0 ring mail
 o - a +0 buckler of cold resistance
   (You found it on level 1 of the Dungeon)
 u - a +0 pair of boots (worn)
Jewellery
 k - an uncursed ring of flight
Scrolls
 q - a scroll of teleportation {!r}
Potions
 e - a potion of brilliance {unknown}
 g - 2 potions of magic {!q}
 j - a potion of curing {unknown}
 n - a potion of berserk rage {unknown}
 r - a potion of invisibility {unknown}
 w - 2 potions of mutation {unknown}
 x - a potion of heal wounds {unknown}
 z - a potion of agility {unknown}
Books
 c - a book of Maledictions
Comestibles
 d - 4 meat rations {!e}
 s - 3 chunks of flesh
 t - 3 beef jerkies
 v - a royal jelly


   Skills:
 * Level 4.7 Short Blades
 + Level 4.4 Dodging
 - Level 4.0 Stealth
 - Level 2.0 Spellcasting
 - Level 3.0 Hexes


You had 4 spell levels left.
You knew the following spells:

 Your Spells              Type           Power        Failure   Level  Hunger
a - Corona                Hex            #......      10%         1    ##.....
b - Confuse               Hex            #.......     21%         3    ####...


Dungeon Overview and Level Annotations

Branches:
Dungeon (3/15)

Altars:


Innate Abilities, Weirdness & Mutations

You are small and have problems with some larger weapons.
You are carnivorous and can eat meat at any time.


Message History

The orc wizard mumbles some strange words.
The orc wizard seems to speed up.
The orc wizard closely misses you.
You barely miss the orc wizard.
The orc wizard is severely wounded.
The orc wizard gestures wildly while chanting.
The orc wizard blinks!
The orc wizard hits you but does no damage.
You bump into the rock wall.
The orc wizard points at you and mumbles some strange words.
The magic dart hits you!
* * * LOW HITPOINT WARNING * * *
The orc wizard points at you and mumbles some strange words.
You resist with some effort.
Damage: 8 (max 8)
You bump into the rock wall.
You feel less confused.
The orc wizard gestures at you while chanting.
You feel yourself slow down.
The orc wizard points at you and mumbles some strange words.
You feel as though you will be slow longer.
The orc wizard misses you.
You hit the orc wizard.
You kill the orc wizard!
The orc wizard mumbles some strange words.
The orc wizard blinks!
The giant gecko barely misses you.
You hit the giant gecko but do no damage.
The orc wizard points at you and mumbles some strange words.
The magic dart hits you!
* * * LOW HITPOINT WARNING * * *
The giant gecko misses you.
Damage: 3 (max 8) Unknown command.
Casting: Corona
Confirm with . or Enter, or press ? or * to list all spells.
Aiming: Confuse
Press: ? - help, Shift-Dir - straight line, f - orc wizard
Aim: an orc wizard, wielding a dagger and wearing a robe (fast, chance to defeat MR: 40%)
You miscast Confuse.
Nothing appears to happen.
The giant gecko closely misses you. The giant gecko barely misses you.
Casting: Confuse
Confirm with . or Enter, or press ? or * to list all spells.
You don't know that spell.
The orc wizard hits you with a dagger.
* * * LOW HITPOINT WARNING * * *
The orc wizard hits you with a dagger.
* * * LOW HITPOINT WARNING * * *
The giant gecko closely misses you. The orc wizard casts a spell at you.
The magic dart hits you!
You die...

### #.# ### ###.# #
..#
#...########.#####
#.#
#(...o.l).........
#.#
#..!..@#####.####l
#####.####...#### #
#............#
#.####.####..########
#.# #...............
...# #.#
######.#####.### #..#
#.# #.# #...# #..#
##.## #.# #...# #..#
#...##
##.####...##### #..#


You could see an orc wizard and a giant gecko.

Vanquished Creatures
  An orc wizard (D:3)
  5 adders
  A worm (D:2)
  2 dart slugs (D:1)
  A giant gecko (D:1)
  An orc (D:3)
  A ball python (D:2)
  5 bats
  3 giant cockroaches
  4 goblins
  6 hobgoblins
  3 giant newts
  7 kobolds (D:1)
  8 rats
48 creatures vanquished.

Notes
Turn   | Place    | Note
-------+----------+-------------------------------------------
     0 | D:1      | Gorice the Kobold Enchanter began the quest for the Orb.
     0 | D:1      | Reached XP level 1. HP: 10/10 MP: 3/3
   254 | D:1      | Reached skill level 2 in Short Blades
   304 | D:1      | Reached XP level 2. HP: 13/15 MP: 3/5
   516 | D:1      | Reached skill level 3 in Dodging
   734 | D:1      | Reached XP level 3. HP: 18/19 MP: 4/6
  1124 | D:1      | Reached skill level 3 in Short Blades
  2016 | D:2      | Reached XP level 4. HP: 12/24 MP: 5/7
  2527 | D:1      | Learned a level 3 spell: Confuse
  2618 | D:2      | Reached skill level 4 in Dodging
  2874 | D:2      | Reached skill level 4 in Short Blades
  3205 | D:3      | Reached XP level 5. HP: 28/28 MP: 4/8
  3223 | D:3      | HP: 7/28 [orc wizard/dagger (2)]
  3223 | D:3      | Killed from afar by an orc wizard

Vault maps used:
D:1:      denvon_arrival_planthouse
D:3:      kennysheep_six_static_rooms, uniq_iyjb

Skill      XL: |  1  2  3  4 |
---------------+-------------+-----
Short Blades   | 2 3 4 |  4.7
Dodging        | 3 4 |  4.4
Stealth        | |  4.0
Spellcasting   | |  2.0
Hexes          | |  3.0

Action                   |  1- 3 |  4- 6 || total
-------------------------+-------+-------++-------
Melee: Dagger            |   122 |    95 ||   217
       Rapier            |       |    19 ||    19
Throw: Stone             |       |     2 ||     2
 Cast: Corona            |    23 |    17 ||    40
       Confuse           |       |     2 ||     2
  Use: Scroll            |     1 |     4 ||     5
 Stab: Sleeping          |     9 |     7 ||    16
  Eat: Chunk             |    11 |     6 ||    17
Armor: Robe              |    16 |    20 ||    36
Dodge: Dodged            |    88 |    94 ||   182

Table legend:
 A = Turns spent in this place as a percentage of turns spent in the entire game.
 B = Non-inter-level travel turns spent in this place as a percentage of non-inter-level travel turns spent in the entire game.
 C = Inter-level travel turns spent in this place as a percentage of turns spent in this place.
 D = Turns resting spent in this place as a percentage of non-inter-level travel turns spent in this place.
 E = Turns spent auto-exploring this place as a percentage of non-inter-level travel turns spent in this place.
 F = Non-inter-level travel turns spent in this place divided by the number of levels of this place that you've seen.
                   A       B       C       D       E      F
               +-------+-------+-------+-------+-------+----------------------
         Total | 100.0 | 100.0 |   0.3 |   4.0 |   4.6 | 337.0
       Dungeon | 100.0 | 100.0 |   0.3 |   4.0 |   4.6 | 337.0
               +-------+-------+-------+-------+-------+----------------------

Vault maps used:
D:1:      denvon_arrival_planthouse
D:3:      kennysheep_six_static_rooms, uniq_iyjb
